 Dungeon Crawl Stone Soup version 0.29-a0-393-g47a863cc1b (webtiles) character file.

Game seed: 12954118491563408963

2934 IndexError the Frost Mage (level 9, -3/66 HPs)
             Began as a Gnoll Ice Elementalist on May 10, 2022.
             Slain by a wolf spider zombie (7 damage)
             ... on level 7 of the Dungeon.
             The game lasted 00:18:26 (7724 turns).

IndexError the Frost Mage (Gnoll Ice Elementalist)  Turns: 7724, Time: 00:18:26

Health: -3/66      AC: 10    Str: 14    XL:     9   Next: 80%
Magic:  19/19      EV: 12    Int: 19    God:
Gold:   399        SH:  0    Dex: 12    Spells: 12/21 levels left

rFire   . . .      SeeInvis .   W - +3 dagger
rCold   + . .      Faith    .   (no shield)
rNeg    . . .      Spirit   .   i - +1 ring mail {rC+}
rPois   .          Reflect  .   H - +0 helmet
rElec   .          Harm     .   B - +0 cloak
rCorr   .          Rampage  .   (no gloves)
Will    .....                   n - +0 pair of boots
Stlth   +.........              (no amulet)
HPRegen 0.21/turn               o - +6 ring of strength
MPRegen 0.16/turn               (no ring)

@: confused, mighty, ambrosia-drunk
A: fangs 1, strong nose, distributed training
a: no special abilities


You were on level 7 of the Dungeon.
You visited 1 branch of the dungeon, and saw 7 of its levels.
You also visited: Ossuary.

You collected 399 gold pieces.

Inventory:

Hand Weapons
 z - a +3 whip
   (You took it off a kobold on level 3 of the Dungeon)
 W - a +3 dagger (weapon)
   (You took it off an orc wizard on level 5 of the Dungeon)
Missiles
 y - 6 curare-tipped darts
Armour
 i - a +1 ring mail of cold resistance (worn)
   (You found it on level 1 of the Dungeon)
 n - a +0 pair of boots (worn)
   (You found it on level 1 of the Dungeon)
 q - a +0 ring mail
   (You took it off a goblin on level 2 of the Dungeon)
 u - a +0 scale mail
   (You found it on level 2 of the Dungeon)
 v - a +0 ring mail
   (You found it on level 3 of the Dungeon)
 w - a +0 robe
   (You found it on level 3 of the Dungeon)
 B - a +0 cloak (worn)
   (You found it on level 3 of the Dungeon)
 E - a +0 scale mail
   (You took it off an orc on level 4 of the Dungeon)
 F - a +0 ring mail
   (You took it off an orc on level 4 of the Dungeon)
 G - a +0 ring mail
   (You found it on level 4 of the Dungeon)
 H - a +0 helmet (worn)
   (You found it on level 4 of the Dungeon)
 I - a +0 robe
   (You took it off an orc wizard on level 4 of the Dungeon)
 M - a +0 ring mail
   (You found it on level 4 of the Dungeon)
 Q - a +0 robe
   (You took it off an orc wizard on level 5 of the Dungeon)
 R - a +0 ring mail
   (You took it off an orc on level 5 of the Dungeon)
 T - a +0 robe
   (You found it on level 5 of the Dungeon)
 U - a +0 robe
   (You took it off an orc wizard on level 5 of the Dungeon)
 X - a +0 robe
   (You took it off an orc wizard on level 5 of the Dungeon)
Jewellery
 o - a +6 ring of strength (left hand)
   (You found it on level 1 of the Dungeon)
 V - a ring of fire {rF+, rC-}
   (You found it on level 6 of the Dungeon)
Wands
 K - a wand of iceblast (29)
   (You found it in an ossuary)
 P - a wand of charming (10)
   (You found it on level 5 of the Dungeon)
 S - a wand of acid (14)
   (You found it in an ossuary)
Scrolls
 c - 15 scrolls of identify {unknown}
 d - 2 scrolls of fog {unknown}
 h - 2 scrolls of immolation {unknown}
 l - a scroll of summoning {unknown}
 m - 3 scrolls of poison {unknown}
 p - 3 scrolls of blinking {unknown}
 s - 3 scrolls of enchant weapon {unknown}
 x - a scroll of silence {unknown}
 A - 3 scrolls of teleportation {unknown}
 C - 2 scrolls of noise {unknown}
 L - a scroll of fear {unknown}
 Y - a scroll of vulnerability {unknown}
 Z - a scroll of enchant armour {unknown}
Potions
 a - 2 potions of ambrosia
 b - 4 potions of magic
 e - a potion of lignification {unknown}
 f - a potion of resistance {unknown}
 g - 2 potions of curing {unknown}
 j - 4 potions of flight {unknown}
 k - a potion of might
 r - 2 potions of invisibility {unknown}
 t - a potion of degeneration {unknown}
 D - a potion of brilliance {unknown}
 J - a potion of haste {unknown}
 N - 2 potions of mutation {unknown}
 O - 3 potions of cancellation {unknown}


   Skills:
 + Level 4.6 Fighting
 + Level 4.6 Short Blades
 + Level 4.6 Long Blades
 + Level 4.6 Axes
 + Level 4.6 Maces & Flails
 + Level 4.6 Polearms
 + Level 4.6 Staves
 + Level 4.6 Slings
 + Level 4.6 Bows
 + Level 4.6 Crossbows
 + Level 4.6 Throwing
 + Level 4.6 Armour
 + Level 6.5 Dodging
 + Level 6.3 Stealth
 + Level 4.6 Shields
 + Level 4.6 Unarmed Combat
 + Level 6.9 Spellcasting
 + Level 3.8 Conjurations
 + Level 3.8 Hexes
 + Level 3.8 Summonings
 + Level 3.8 Necromancy
 + Level 3.8 Translocations
 + Level 3.8 Transmutations
 + Level 3.8 Fire Magic
 + Level 8.1 Ice Magic
 + Level 3.8 Air Magic
 + Level 3.8 Earth Magic
 + Level 3.8 Poison Magic
 + Level 5.0 Invocations
 + Level 4.6 Evocations


You had 12 spell levels left.
You knew the following spells:

 Your Spells              Type           Power      Damage    Failure   Level
a - Freeze                Ice            100%       1d11      1%          1
b - Frozen Ramparts       Ice            74%        1d9       1%          3
c - Ensorcelled Hibernat  Hex/Ice        58%        N/A       2%          2
A - Ozocubu's Armour      Ice            37%        N/A       1%          3

Your spell library contained the following spells:

 Spells                   Type           Power      Damage    Failure   Level
 Beastly Appendage        Tmut           42%        N/A       4%          1
 Sting                    Tmut/Pois      84%        1d7       4%          1
 Summon Small Mammal      Summ           84%        N/A       4%          1
 Corpse Rot               Necr/Air       42%        N/A       6%          2
 Poisonous Vapours        Pois/Air       42%        N/A       6%          2
 Wereblood                Tmut           21%        N/A       6%          2
 Call Canine Familiar     Summ           21%        N/A       12%         3
 Spider Form              Tmut/Pois      21%        N/A       12%         3
 Summon Guardian Golem    Hex/Summ       21%        N/A       12%         3
 Hailstorm                Conj/Ice       29%        3d8       17%         4
 Anguish                  Hex/Necr       10%        N/A       38%         4
 Olgreb's Toxic Radiance  Pois           21%        N/A       38%         4


Dungeon Overview and Level Annotations

Branches:
Dungeon (7/15)            Ossuary (visited)
 Temple: D:4-7

Altars:
Elyvilon
Nemelex Xobeh
Uskayaw

Shops:
D:1 (


Innate Abilities, Weirdness & Mutations

You have very sharp teeth.
Your uncanny sense of smell can sniff out nearby items.
Your experience applies equally to all skills.


Message History

The wolf spider zombie bites you but does no damage.
You take 12 damage, and have 37/66 hp.
You now have 16/19 mp.
Casting: Ozocubu's Armour (safe; 1% risk of failure)
Confirm with . or Enter, or press ? or * to list all spells.
Aiming: Freeze (safe; 1% risk of failure)
Press: ? - help, Shift-Dir - straight line, f - wolf spider zombie
Aim: a wolf spider zombie (lightly damaged)
You freeze the wolf spider zombie.
The wolf spider zombie resists.
The wolf spider zombie hits you!
The wolf spider zombie bites you but does no damage.
You take 14 damage, and have 23/66 hp.
MASSIVE DAMAGE!!
You now have 15/19 mp.
Casting: Freeze (safe; 1% risk of failure)
Confirm with . or Enter, or press ? or * to list all spells.
Aiming: Freeze (safe; 1% risk of failure)
Press: ? - help, Shift-Dir - straight line, f/p - wolf spider zombie
Aim: a wolf spider zombie (lightly damaged)
You freeze the wolf spider zombie.
The wolf spider zombie resists.
The wolf spider zombie closely misses you.
The wolf spider zombie completely misses you.
You now have 14/19 mp.
Casting: Freeze (safe; 1% risk of failure)
Confirm with . or Enter, or press ? or * to list all spells.
Aiming: Freeze (safe; 1% risk of failure)
Press: ? - help, Shift-Dir - straight line, f/p - wolf spider zombie
Aim: a wolf spider zombie (lightly damaged)
You freeze the wolf spider zombie.
The wolf spider zombie resists.
The wolf spider zombie hits you but does no damage.
The wolf spider zombie bites you but does no damage.
The wolf spider zombie barely misses you. x2
You now have 13/19 mp.
Casting: Freeze (safe; 1% risk of failure)
Confirm with . or Enter, or press ? or * to list all spells.
Aiming: Freeze (safe; 1% risk of failure)
Press: ? - help, Shift-Dir - straight line, f/p - wolf spider zombie
Aim: a wolf spider zombie (lightly damaged)
You freeze the wolf spider zombie but do no damage.
The wolf spider zombie completely resists.
The wolf spider zombie hits you. The wolf spider zombie bites you.
You take 4 damage, and have 20/66 hp.
You now have 12/19 mp.
Casting: Freeze (safe; 1% risk of failure)
Confirm with . or Enter, or press ? or * to list all spells.
Aiming: Freeze (safe; 1% risk of failure)
Press: ? - help, Shift-Dir - straight line, f/p - wolf spider zombie
Aim: a wolf spider zombie (lightly damaged)
You freeze the wolf spider zombie but do no damage.
The wolf spider zombie completely resists.
The wolf spider zombie hits you!
* * * LOW HITPOINT WARNING * * *
The wolf spider zombie bites you but does no damage.
A centaur warrior zombie comes into view.
You take 12 damage, and have 8/66 hp.
Casting: Freeze (safe; 1% risk of failure)
Confirm with . or Enter, or press ? or * to list all spells.
Aiming: Freeze (safe; 1% risk of failure)
Press: ? - help, Shift-Dir - straight line, f/p - wolf spider zombie
Aim: a wolf spider zombie (lightly damaged)
You freeze the wolf spider zombie.
The wolf spider zombie resists.
The wolf spider zombie hits you.
* * * LOW HITPOINT WARNING * * *
The wolf spider zombie misses you.
The wolf spider zombie closely misses you.
The wolf spider zombie completely misses you.
You take 3 damage, and have 5/66 hp.
You now have 11/19 mp.
Okay, then.
You feel very mighty all of a sudden.
The wolf spider zombie hits you but does no damage.
The wolf spider zombie bites you but does no damage.
You are confused.
You feel invigorated.
The wolf spider zombie closely misses you.
The wolf spider zombie misses you.
You regained 4 hp, and now have 9/66 hp.
You regained 3 mp, and now have 14/19 mp.
Your icy armour will break if you move.
Continue?
The wolf spider zombie attacks as you move away!
The wolf spider zombie closely misses you.
The wolf spider zombie bites you but does no damage.
Your icy armour cracks and falls away as you move.
The wolf spider zombie misses you. The wolf spider zombie bites you!
* * * LOW HITPOINT WARNING * * *
You take 3 damage, and have 6/66 hp.
MP restored: 19 The wolf spider zombie misses you.
The wolf spider zombie bites you but does no damage.
You regained 4 hp, and now have 10/66 hp.
You puncture the centaur warrior zombie!
The centaur warrior zombie closely misses you.
The centaur warrior zombie barely misses you.
The wolf spider zombie hits you.
* * * LOW HITPOINT WARNING * * *
The wolf spider zombie bites you.
* * * LOW HITPOINT WARNING * * *
You puncture the wolf spider zombie! You punch the wolf spider zombie.
The centaur warrior zombie hits you.
* * * LOW HITPOINT WARNING * * *
The centaur warrior zombie barely misses you.
The wolf spider zombie hits you!
* * * LOW HITPOINT WARNING * * *
The wolf spider zombie bites you!
You die...

.....#..###.##....#######
#'###'..'...##.....#
...+.#..##........##
...#.#..######.#.##
._.#.'##+.####.#.#
...#.#..#......#.#
...'.#..#.######'##
#'###'..'.# ##...##
.....#..### ##>.@..##
.....#..# #..ZZ...#
#+###'######.........#
....................)+
#####................#
#..####.#.......## #..#
#.##.....## #..# #
##...## #... ##'##


You could see a wolf spider zombie and a centaur warrior zombie.

Vanquished Creatures
  A hellwing (D:7)
  Sigmund (D:5)
  2 wraiths (Ossuary)
  Edmund (D:4)
  A water moccasin (D:6)
  2 black bears (D:5)
  An ice beast (D:7)
  3 ogres (D:4)
  2 sky beasts
  A kobold brigand (D:7)
  A necrophage (D:4)
  A bullfrog (D:6)
  A scorpion (D:4)
  4 wights (Ossuary)
  7 hounds
  3 orc priests
  2 jellies
  4 iguanas
  5 orc wizards
  A mummy (D:6)
  5 adders
  6 shadow imps
  2 white imps
  An ufetubus (D:5)
  4 worms
  2 dart slugs
  27 orcs
  7 ball pythons
  3 endoplasms
  5 giant cockroaches
  6 goblins
  8 hobgoblins
  8 jackals
  12 kobolds
  5 quokkas
  2 bats
  4 frilled lizards
  A hobgoblin skeleton (Ossuary)
  3 hobgoblin zombies
  3 kobold zombies (Ossuary)
  An orc skeleton (Ossuary)
  An orc zombie (D:6)
  8 rats
168 creatures vanquished.

Vanquished Creatures (others)
  A plant (D:2)
  8 withered plants (D:7)
9 creatures vanquished.

Grand Total: 177 creatures vanquished

Notes
Turn   | Place    | Note
-------+----------+-------------------------------------------
     0 | D:1      | IndexError the Gnoll Ice Elementalist began the quest for
                  | the Orb.
     0 | D:1      | Reached XP level 1. HP: 13/13 MP: 6/6
    12 | D:1      | You fall into a shaft and drop 1 floor!
    59 | D:2      | Reached XP level 2. HP: 17/20 MP: 2/7
   241 | D:1      | Reached XP level 3. HP: 24/25 MP: 3/9
   316 | D:1      | Learned a level 3 spell: Frozen Ramparts
   320 | D:1      | Learned a level 3 spell: Ozocubu's Armour
   344 | D:1      | Reached skill level 5 in Spellcasting
   539 | D:1      | Found a faded altar of an unknown god.
   590 | D:1      | Reached skill level 1 in Invocations
   982 | D:1      | Found Jouqisk's Weapon Boutique.
  1061 | D:2      | Reached skill level 1 in Fighting
  1061 | D:2      | Reached skill level 1 in Short Blades
  1061 | D:2      | Reached skill level 1 in Long Blades
  1061 | D:2      | Reached skill level 1 in Axes
  1061 | D:2      | Reached skill level 1 in Maces & Flails
  1061 | D:2      | Reached skill level 1 in Polearms
  1061 | D:2      | Reached skill level 1 in Staves
  1061 | D:2      | Reached skill level 1 in Slings
  1061 | D:2      | Reached skill level 1 in Bows
  1061 | D:2      | Reached skill level 1 in Crossbows
  1061 | D:2      | Reached skill level 1 in Throwing
  1061 | D:2      | Reached skill level 1 in Armour
  1061 | D:2      | Reached skill level 1 in Shields
  1061 | D:2      | Reached skill level 1 in Unarmed Combat
  1061 | D:2      | Reached skill level 1 in Evocations
  1272 | D:2      | Reached XP level 4. HP: 31/32 MP: 11/11
  1474 | D:2      | Found a hide-covered altar of Uskayaw.
  1762 | D:2      | Learned a level 2 spell: Ensorcelled Hibernation
  2111 | D:3      | Found a white marble altar of Elyvilon.
  2341 | D:3      | Reached skill level 1 in Conjurations
  2341 | D:3      | Reached skill level 1 in Hexes
  2341 | D:3      | Reached skill level 1 in Summonings
  2341 | D:3      | Reached skill level 1 in Necromancy
  2341 | D:3      | Reached skill level 1 in Translocations
  2341 | D:3      | Reached skill level 1 in Transmutations
  2341 | D:3      | Reached skill level 1 in Fire Magic
  2341 | D:3      | Reached skill level 1 in Air Magic
  2341 | D:3      | Reached skill level 1 in Earth Magic
  2341 | D:3      | Reached skill level 1 in Poison Magic
  2660 | D:4      | Noticed Edmund
  2671 | D:4      | Killed Edmund
  2671 | D:4      | HP: 6/32 [poisoned by Edmund]
  2672 | D:4      | Reached XP level 5. HP: 7/38 MP: 2/12
  2726 | D:4      | Reached skill level 2 in Invocations
  2726 | D:4      | Reached XP level 6. HP: 38/44 MP: 14/14
  2772 | D:4      | Reached skill level 2 in Fighting
  2772 | D:4      | Reached skill level 2 in Short Blades
  2772 | D:4      | Reached skill level 2 in Long Blades
  2772 | D:4      | Reached skill level 2 in Axes
  2772 | D:4      | Reached skill level 2 in Maces & Flails
  2772 | D:4      | Reached skill level 2 in Polearms
  2772 | D:4      | Reached skill level 2 in Staves
  2772 | D:4      | Reached skill level 2 in Slings
  2772 | D:4      | Reached skill level 2 in Bows
  2772 | D:4      | Reached skill level 2 in Crossbows
  2772 | D:4      | Reached skill level 2 in Throwing
  2772 | D:4      | Reached skill level 2 in Armour
  2772 | D:4      | Reached skill level 5 in Dodging
  2772 | D:4      | Reached skill level 2 in Shields
  2772 | D:4      | Reached skill level 2 in Unarmed Combat
  2772 | D:4      | Reached skill level 2 in Evocations
  2823 | D:4      | Noticed a sky beast
  2829 | D:4      | Killed a sky beast
  2830 | D:4      | Reached XP level 7. HP: 44/50 MP: 8/15
  2893 | D:4      | Reached skill level 2 in Conjurations
  2893 | D:4      | Reached skill level 2 in Hexes
  2893 | D:4      | Reached skill level 2 in Summonings
  2893 | D:4      | Reached skill level 2 in Necromancy
  2893 | D:4      | Reached skill level 2 in Translocations
  2893 | D:4      | Reached skill level 2 in Transmutations
  2893 | D:4      | Reached skill level 2 in Fire Magic
  2893 | D:4      | Reached skill level 2 in Air Magic
  2893 | D:4      | Reached skill level 2 in Earth Magic
  2893 | D:4      | Reached skill level 2 in Poison Magic
  3152 | D:4      | Reached skill level 5 in Stealth
  3159 | D:4      | Reached skill level 3 in Invocations
  3161 | D:4      | HP: 11/51 [orc wizard/puff of flame (8)]
  3648 | D:4      | Reached XP level 8. HP: 57/57 MP: 16/16
  3934 | D:5      | Entered Level 5 of the Dungeon
  4059 | D:5      | Reached skill level 3 in Fighting
  4059 | D:5      | Reached skill level 3 in Short Blades
  4059 | D:5      | Reached skill level 3 in Long Blades
  4059 | D:5      | Reached skill level 3 in Axes
  4059 | D:5      | Reached skill level 3 in Maces & Flails
  4059 | D:5      | Reached skill level 3 in Polearms
  4059 | D:5      | Reached skill level 3 in Staves
  4059 | D:5      | Reached skill level 3 in Slings
  4059 | D:5      | Reached skill level 3 in Bows
  4059 | D:5      | Reached skill level 3 in Crossbows
  4059 | D:5      | Reached skill level 3 in Throwing
  4059 | D:5      | Reached skill level 3 in Armour
  4059 | D:5      | Reached skill level 3 in Shields
  4059 | D:5      | Reached skill level 3 in Unarmed Combat
  4059 | D:5      | Reached skill level 3 in Evocations
  4159 | D:5      | Reached skill level 6 in Spellcasting
  5038 | D:6      | Noticed Sigmund
  5057 | D:6      | Reached skill level 4 in Invocations
  5063 | D:5      | Killed Sigmund
  5064 | D:5      | Reached skill level 6 in Dodging
  5064 | D:5      | Reached skill level 3 in Conjurations
  5064 | D:5      | Reached skill level 3 in Hexes
  5064 | D:5      | Reached skill level 3 in Summonings
  5064 | D:5      | Reached skill level 3 in Necromancy
  5064 | D:5      | Reached skill level 3 in Translocations
  5064 | D:5      | Reached skill level 3 in Transmutations
  5064 | D:5      | Reached skill level 3 in Fire Magic
  5064 | D:5      | Reached skill level 3 in Air Magic
  5064 | D:5      | Reached skill level 3 in Earth Magic
  5064 | D:5      | Reached skill level 3 in Poison Magic
  5064 | D:5      | Reached XP level 9. HP: 46/65 MP: 5/18
  5315 | D:6      | Found a sand-covered staircase.
  5329 | Ossuary  | Entered an ossuary
  5396 | Ossuary  | HP: 13/60 [wight/+3 great sword (6)]
  5892 | Ossuary  | Reached skill level 4 in Fighting
  5892 | Ossuary  | Reached skill level 4 in Short Blades
  5892 | Ossuary  | Reached skill level 4 in Long Blades
  5892 | Ossuary  | Reached skill level 4 in Axes
  5892 | Ossuary  | Reached skill level 4 in Maces & Flails
  5892 | Ossuary  | Reached skill level 4 in Polearms
  5892 | Ossuary  | Reached skill level 4 in Staves
  5892 | Ossuary  | Reached skill level 4 in Slings
  5892 | Ossuary  | Reached skill level 4 in Bows
  5892 | Ossuary  | Reached skill level 4 in Crossbows
  5892 | Ossuary  | Reached skill level 4 in Throwing
  5892 | Ossuary  | Reached skill level 4 in Armour
  5892 | Ossuary  | Reached skill level 4 in Shields
  5892 | Ossuary  | Reached skill level 4 in Unarmed Combat
  5892 | Ossuary  | Reached skill level 4 in Evocations
  5999 | Ossuary  | Reached skill level 6 in Stealth
  5999 | Ossuary  | Reached skill level 8 in Ice Magic
  7066 | D:7      | Noticed a hellwing
  7480 | D:7      | Killed a hellwing
  7481 | D:7      | Reached skill level 5 in Invocations
  7569 | D:7      | Found a sparkling altar of Nemelex Xobeh.
  7717 | D:7      | HP: 8/66 [wolf spider zombie (12)]
  7723 | D:7      | HP: 13/66 [wolf spider zombie (1)]
  7724 | D:7      | HP: 4/66 [wolf spider zombie (7)]
  7724 | D:7      | Slain by a wolf spider zombie

Illustrated notes

Levels and vault maps discovered:
D:1:      dpeg_arrival_erosion, layout_rooms, serial_shops, shop_statue,
          ebering_ecumenical_altar_abandoned
D:2:      layout_rooms, basic_altar, corexii_shack
D:3:      layout_basic, elyvilon_altar_3
D:4:      minmay_spotlight, layout_basic, uniq_edmund
D:5:      layout_loops_ring
D:6:      layout_rooms, nicolae_ossuary_entry_giza, uniq_sigmund
D:7:      cheibrodos_grave_circle, layout_loops_corners,
          mainiacjoe_overflow_24_doors, lemuel_temple_firewalk_b

Skill      XL: |  1  2  3  4  5  6  7  8  9 |
---------------+----------------------------+-----
Spellcasting   | 5 6 |  6.9
Invocations    | 1 2 3 4 5 |  5.0
Fighting       | 1 2 3 4 |  4.6
Short Blades   | 1 2 3 4 |  4.6
Long Blades    | 1 2 3 4 |  4.6
Axes           | 1 2 3 4 |  4.6
Maces & Flails | 1 2 3 4 |  4.6
Polearms       | 1 2 3 4 |  4.6
Staves         | 1 2 3 4 |  4.6
Slings         | 1 2 3 4 |  4.6
Bows           | 1 2 3 4 |  4.6
Crossbows      | 1 2 3 4 |  4.6
Throwing       | 1 2 3 4 |  4.6
Armour         | 1 2 3 4 |  4.6
Shields        | 1 2 3 4 |  4.6
Unarmed Combat | 1 2 3 4 |  4.6
Evocations     | 1 2 3 4 |  4.6
Conjurations   | 1 2 3 |  3.8
Hexes          | 1 2 3 |  3.8
Summonings     | 1 2 3 |  3.8
Necromancy     | 1 2 3 |  3.8
Translocations | 1 2 3 |  3.8
Transmutations | 1 2 3 |  3.8
Fire Magic     | 1 2 3 |  3.8
Air Magic      | 1 2 3 |  3.8
Earth Magic    | 1 2 3 |  3.8
Poison Magic   | 1 2 3 |  3.8
Dodging        | 5 6 |  6.5
Stealth        | 5 6 |  6.3
Ice Magic      | 8 |  8.1

Action                   |  1- 3 |  4- 6 |  7- 9 || total
-------------------------+-------+-------+-------++-------
Melee: Dagger            |    20 |    35 |   239 ||   294
       Bite              |     4 |    10 |    55 ||    69
       Whip              |       |    30 |    79 ||   109
       Punch             |       |       |     6 ||     6
 Cast: Freeze            |    40 |    18 |    21 ||    79
       Frozen Ramparts   |       |     7 |    23 ||    30
       Ozocubu's Armour  |       |     5 |    19 ||    24
Evoke: Wand              |       |       |     3 ||     3
  Use: Potion            |       |     1 |     2 ||     3
 Stab: Sleeping          |       |       |     5 ||     5
Armor: Robe              |     5 |    15 |    14 ||    34
       Ring mail         |       |       |   120 ||   120
Dodge: Dodged            |    28 |    40 |   196 ||   264

Table legend: (Time is in decaauts)
 A = Elapsed time spent in this place.
 B = Non-inter-level travel time spent in this place.
 C = Inter-level travel time spent in this place.
 D = Time resting spent in this place.
 E = Time spent auto-exploring this place.
 F = Levels seen in this place.
 G = Mean time per level.
                   A        B        C        D        E       F      G
               +--------+--------+--------+--------+--------+-----+--------+
         Total |   7705 |   7301 |    404 |     42 |   5767 |   8 |  963.1 |
       Dungeon |   6757 |   6353 |    404 |     10 |   5045 |   7 |  965.3 |
       Ossuary |    948 |    948 |      0 |     32 |    722 |   1 |  948.0 |
               +--------+--------+--------+--------+--------+-----+--------+

Top non-repeatable levels by time:
     D:4: 1334 daAuts
     D:5: 1136 daAuts
 Ossuary: 948 daAuts
     D:2: 923 daAuts
     D:1: 900 daAuts
     D:3: 836 daAuts
     D:6: 834 daAuts
     D:7: 792 daAuts

Table legend:
 A = Kills in this place as a percentage of kills in entire the game.
 B = Kills by you in this place as a percentage of kills by you in the entire game.
 C = Kills by friends in this place as a percentage of kills by friends in the entire game.
 D = Other kills in this place as a percentage of other kills in the entire game.
 E = Experience gained in this place as a percentage of experience gained in the entire game.
 F = Experience gained in this place divided by the number of levels of this place that you have seen.
                   A       B       C       D       E      F
               +-------+-------+-------+-------+-------+----------------------
         Total | 100.0 | 100.0 |   N/A |   N/A | 100.0 | 524.0
       Dungeon |  92.3 |  92.3 |   N/A |   N/A |  82.9 | 496.6
       Ossuary |   7.7 |   7.7 |   N/A |   N/A |  17.1 | 716.0
               +-------+-------+-------+-------+-------+----------------------
